 Dungeon Crawl Stone Soup version 0.31-a0-1370-gf52a5a9ab3 (webtiles) character file.

Game seed: 719798824388043144

72 grandjackal the Trooper (level 4, -2/48 HPs)
             Began as an Oni Warper on Dec 24, 2023.
             Slain by a goblin
             ... wielding a +0 dagger
             ... led by Robin
              (3 damage)
             ... on level 2 of the Dungeon.
             The game lasted 00:01:08 (1262 turns).

grandjackal the Trooper (Oni Warper)                Turns: 1262, Time: 00:01:08

Health: -2/48      AC:  3    Str: 15    XL:     4   Next: 25%
Magic:  7/7        EV:  9    Int: 16    God:
Gold:   112        SH:  0    Dex:  8    Spells: 5/7 levels left

rFire   . . .        a - +0 mace
rCold   . . .        (no shield)
rNeg    . . .        b - +0 robe
rPois   .            (helmet restricted)
rElec   .            (no cloak)
rCorr   .            (gloves unavailable)
SInv    .            (boots unavailable)
Will    .....        (no amulet)
Stlth   +            (no ring)
HPRegen 0.28/turn    (no ring)
MPRegen 0.10/turn

%: no passive effects
@: no status effects
A: large, unfitting armour, horns 1, tough skin 1, double potion healing,
drunken brawling
a: no special abilities


You were on level 2 of the Dungeon.
You visited 1 branch of the dungeon, and saw 2 of its levels.

You collected 112 gold pieces.

Inventory:

Hand Weapons
 a - a +0 mace (weapon)
Missiles
 d - 7 darts of dispersal (quivered)
Armour
 b - a +0 robe (worn)
Scrolls
 c - 2 scrolls of blinking
 e - a scroll of brand weapon {unknown}
 g - a scroll of acquirement {unknown}
Potions
 f - a potion of berserk rage {unknown}


   Skills:
 + Level 4.0 Fighting
 + Level 2.9 Maces & Flails
 - Level 1.0 Throwing
 - Level 2.1 Dodging
 - Level 2.4 Spellcasting
 + Level 3.4 Translocations


You had 5 spell levels left.
You knew the following spells:

 Your Spells              Type           Power      Damage    Failure   Level
a - Blink                 Tloc           24%        N/A       8%          2

Your spell library contained the following spells:

 Spells                   Type           Power      Damage    Failure   Level
 Lesser Beckoning         Tloc           24%        N/A       8%          2
 Teleport Other           Tloc           12%        N/A       14%         3
 Sandblast                Erth           2%         2d4       21%         1
 Passwall                 Alch/Erth      0%         N/A       30%         2
 Manifold Assault         Tloc           12%        N/A       43%         4
 Stone Arrow              Conj/Erth      2%         3d7       52%         3
 Vhi's Electric Charge    Tloc/Air       14%        N/A       69%         4
 Brom's Barrelling Bould  Conj/Erth      1%         2d3       89%         4


Dungeon Overview and Level Annotations

Branches:
Dungeon (2/15)

Altars:

Annotations:
D:2 Robin


Innate Abilities, Weirdness & Mutations

You are too large for most types of armour.
You have a pair of small horns on your head.
You have tough skin. (AC +1)
You gain doubled healing and magic from potions.
Whenever you drink a healing potion, you attack all around you.


Message History

You thump the hobgoblin!
You kill the hobgoblin!
A goblin comes into view. It is wielding a +0 club.
The goblin hits you with a +0 dagger.
You closely miss the goblin. The goblin hits you but does no damage.
You hit the goblin.
The goblin is moderately wounded.
The goblin hits you with a +0 dagger.
You are too injured to fight recklessly!
You are too injured to fight recklessly!
You are too injured to fight recklessly!
You are too injured to fight recklessly!
You are too injured to fight recklessly!
You hit the goblin but do no damage. You headbutt the goblin.
You kill the goblin!
Robin throws the goblin at you! The goblin hits you with a +0 club.
The goblin hits you but does no damage.
You sock the goblin!
You kill the goblin!
The goblin hits you with a +0 club.
Robin roars a battlecry!
The goblins go into a battle-frenzy!
The goblin hits you but does no damage. Robin barely misses you.
Items here: )))) †††††.
You hit Robin but do no damage. The goblin hits you with a +0 dagger.
The goblin hits you with a +0 club.
* * * LOW HITPOINT WARNING * * *
Robin hits you with a +6 club.
* * * LOW HITPOINT WARNING * * *
You barely miss Robin.
A hobgoblin comes into view.
The goblin hits you but does no damage. The goblin hits you with a +0 club.
* * * LOW HITPOINT WARNING * * *
Robin hits you with a +6 club.
* * * LOW HITPOINT WARNING * * *
The hobgoblin shouts!
You hit Robin.
Robin is lightly wounded.
The goblin hits you with a +0 dagger.
You die...

.........#
.........#
.........#
.........#
.........#
.........#
.........#######
...............####
##############.g@g##
####g.# #....#
#g##).#


#gg ##..# #.. #..# .g.# #.# .### .# # You could see Robin and 2 goblins.

Vanquished Creatures
  Jessica (D:2)
  A dart slug (D:1)
  A ball python (D:1)
  4 endoplasms (D:1)
  A giant cockroach (D:1)
  9 goblins
  6 hobgoblins
  4 jackals (D:2)
  A quokka (D:2)
  A bat (D:1)
  A frilled lizard (D:1)
  4 kobolds
  2 rats (D:1)
36 creatures vanquished.

Notes
Turn   | Place    | Note
-------+----------+-------------------------------------------
     0 | D:1      | grandjackal the Oni Warper began the quest for the Orb.
     0 | D:1      | Reached XP level 1. HP: 22/22 MP: 3/3
   190 | D:1      | Reached skill level 3 in Fighting
   198 | D:1      | Reached XP level 2. HP: 28/31 MP: 5/5
   396 | D:1      | Learned a level 2 spell: Blink
   613 | D:1      | Reached XP level 3. HP: 32/37 MP: 6/6
   759 | D:1      | You fall into a shaft and drop 1 floor!
  1097 | D:2      | Noticed Jessica
  1099 | D:2      | Killed Jessica
  1138 | D:2      | Reached XP level 4. HP: 43/48 MP: 7/7
  1143 | D:2      | Reached skill level 4 in Fighting
  1232 | D:2      | Noticed Robin
  1261 | D:2      | HP: 1/48 [Robin/+6 club (3)]
  1262 | D:2      | Slain by a goblin

Illustrated notes

Levels and vault maps discovered:
D:1:      roderic_octagonal_star, layout_basic
D:2:      minmay_thinvault, layout_basic, minmay_3d_cube, uniq_jessica,
          uniq_robin

Skill      XL: |  1  2  3  4 |
---------------+-------------+-----
Fighting       | 3 4 |  4.0
Translocations | 3 |  3.4
Maces & Flails | |  2.9
Throwing       | |  1.0
Dodging        | |  2.1
Spellcasting   | |  2.4

Action                     |  1- 3 |  4- 6 || total
---------------------------+-------+-------++-------
  Melee: Mace              |    60 |    37 ||    97
         Headbutt          |     8 |     6 ||    14
         Punch             |     1 |       ||     1
 Armour: Robe              |    38 |    41 ||    79
  Dodge: Dodged            |    31 |    16 ||    47

Table legend: (Time is in decaauts)
 A = Elapsed time spent in this place.
 B = Non-inter-level travel time spent in this place.
 C = Inter-level travel time spent in this place.
 D = Time resting spent in this place.
 E = Time spent auto-exploring this place.
 F = Levels seen in this place.
 G = Mean time per level.
                   A        B        C        D        E       F      G
               +--------+--------+--------+--------+--------+-----+--------+
         Total |   1288 |   1266 |     22 |      0 |   1025 |   2 |  644.0 |
       Dungeon |   1288 |   1266 |     22 |      0 |   1025 |   2 |  644.0 |
               +--------+--------+--------+--------+--------+-----+--------+

Top non-repeatable levels by time:
     D:1: 1012 daAuts
     D:2: 275 daAuts
